 Dungeon Crawl Stone Soup version 0.29.0 (webtiles) character file.

Game seed: 5962639715653719574

2 porkupine the Gusty (level 1, -2/18 HPs)
             Began as an Ogre Air Elementalist on Sept 4, 2022.
             Slain by Natasha (3 damage)
             ... on level 2 of the Dungeon.
             The game lasted 00:01:41 (169 turns).

porkupine the Gusty (Ogre Air Elementalist)          Turns: 169, Time: 00:01:42

Health: -2/18      AC:  3    Str: 11    XL:     1   Next: 30%
Magic:  2/3        EV:  9    Int: 16    God:
Gold:   0          SH:  0    Dex:  9    Spells: 3/4 levels left

rFire   + . .      SeeInvis .   c - +0 whip
rCold   + . .      Faith    .   (no shield)
rNeg    . . .      Spirit   .   a - +0 robe
rPois   +          Reflect  .   (helmet restricted)
rElec   +          Harm     .   (no cloak)
rCorr   +          Rampage  .   (gloves unavailable)
Will    .....                   (boots unavailable)
Stlth   +.........              (no amulet)
HPRegen 0.06/turn               (no ring)
MPRegen 0.08/turn               (no ring)

@: resistant, hasted and slowed
A: large, unfitting armour, tough skin 1
a: no special abilities


You were on level 2 of the Dungeon.
You visited 1 branch of the dungeon, and saw 2 of its levels.

Inventory:

Hand Weapons
 c - a +0 whip (weapon)
Missiles
 d - 5 poisoned darts
Armour
 a - a +0 robe (worn)
Scrolls
 f - 2 scrolls of silence {unknown}
Potions
 e - a potion of haste


   Skills:
 * Level 0.3 Fighting
 + Level 1.7 Dodging
 + Level 1.4 Stealth
 + Level 2.4 Spellcasting
 - Level 1.0 Conjurations
 + Level 2.7 Air Magic


You had 3 spell levels left.
You knew the following spells:

 Your Spells              Type           Power      Damage    Failure   Level
a - Shock                 Conj/Air       28%        1d4       10%         1

Your spell library contained the following spells:

 Spells                   Type           Power      Damage    Failure   Level
 Static Discharge         Conj/Air       7%         3-4/arc   14%         2
 Swiftness                Air            10%        N/A       21%         3
 Airstrike                Air            5%         2d(1-17)  54%         4


Dungeon Overview and Level Annotations

Branches:
Dungeon (2/15)

Altars:

Annotations:
D:2 Natasha


Innate Abilities, Weirdness & Mutations

You are too large for most types of armour.
You have tough skin. (AC +1)


Message History

Aim: Natasha (moderately wounded, 60% to hit)
The zap misses Natasha.
The zap hits Natasha but does no damage.
Natasha is moderately wounded.
Natasha claws you but does no damage.
Casting: Shock (safe; 10% risk of failure)
Confirm with . or Enter, or press ? or * to list all spells.
Aiming: Shock (safe; 10% risk of failure)
Press: ? - help, Shift-Dir - straight line, f/p - Natasha
Aim: Natasha (moderately wounded, 60% to hit)
The zap hits Natasha but does no damage.
Natasha is moderately wounded.
The zap hits Natasha.
Natasha is heavily wounded.
Natasha claws you but does no damage.
You barely miss Natasha.
Natasha is heavily wounded.
Natasha stares at you and mumbles some strange words.
You resist with significant effort.
You closely miss Natasha.
Natasha is heavily wounded.
Natasha casts a spell at you. The magic dart hits you!
* * * LOW HITPOINT WARNING * * *
It was a potion of resistance.
You feel protected. Natasha claws you.
* * * LOW HITPOINT WARNING * * *
Magic courses through your body. Natasha closely misses you.
Casting: Shock (safe; 10% risk of failure)
Confirm with . or Enter, or press ? or * to list all spells.
Aiming: Shock (safe; 10% risk of failure)
Press: ? - help, Shift-Dir - straight line, f/p - Natasha
Aim: Natasha (heavily wounded, 60% to hit)
The zap hits Natasha but does no damage.
Natasha is heavily wounded.
The zap hits Natasha.
Natasha is severely wounded.
Natasha claws you.
You die...

#.........#
#.........### #
#...........#.##
#.......>......#
#...............
#...............
#####..#>.......
####.......[....#.
#@h..###..#####...
#............ ...
########.....# ###
.!.....# .......
.......


You could see Natasha.

Vanquished Creatures
  A giant cockroach (D:2)
  A ball python (D:1)
2 creatures vanquished.

Notes
Turn   | Place    | Note
-------+----------+-------------------------------------------
     0 | D:1      | porkupine the Ogre Air Elementalist began the quest for the
                  | Orb.
     0 | D:1      | Reached XP level 1. HP: 16/16 MP: 3/3
   104 | D:1      | You fall into a shaft and drop 1 floor!
   115 | D:2      | Reached skill level 1 in Conjurations
   153 | D:2      | Noticed Natasha
   169 | D:2      | Slain by Natasha

Illustrated notes

Levels and vault maps discovered:
D:1:      nagdon_arrival_double_spiral, layout_loops_ring,
          shapermc_ecumenical_altar_starsandcircs, minmay_indecisive_spiral
D:2:      layout_rooms, uniq_natasha

Skill      XL: |  1 |
---------------+----+-----
Conjurations   | 1 |  1.0
Fighting       | |  0.3
Dodging        | |  1.7
Stealth        | |  1.4
Spellcasting   | |  2.4
Air Magic      | |  2.7

Action                   || total
-------------------------++-------
Melee: Whip              ||     2
 Cast: Shock             ||     8
  Use: Potion            ||     3
Armor: Robe              ||     2
Dodge: Dodged            ||     1
